 Dungeon Crawl Stone Soup version 0.17.0-18-gaab0e96 (webtiles) character file.

19154 septik the Unseen (level 12, -1/61 HPs)
             Began as a Spriggan Enchanter on Nov 11, 2015.
             Was a Believer of Ru.
             Slain by a wolf (9 damage)
             ... on level 4 of the Lair of Beasts on Nov 12, 2015.
             The game lasted 00:59:27 (15816 turns).

septik the Unseen (Spriggan Enchanter)             Turns: 15816, Time: 00:59:27

Health: -1/61      AC:  5    Str:  4    XL:     12   Next: 34%
Magic:  7/22       EV: 31    Int: 23    God:    Ru [**....]
Gold:   406        SH:  0    Dex: 18    Spells: 4 memorised, 14 levels left

rFire  + . .     SeeInvis +     U - +7 rapier of Certain Death {pierce, +Fly rF+ Int+3}
rCold  . . .     Clarity  .     W - +2 robe {MR+}
rNeg   + . .     SustAt   .     (shield restricted)
rPois  .         Gourm    .     (helmet restricted)
rElec  .         Spirit   .     z - +0 cloak
rCorr  .         Warding  .     (gloves unavailable)
rMut   .         Stasis   .     (boots unavailable)
MR     +++..                    (no amulet)
Stlth  +++++++...               x - ring of protection from magic
                                q - ring of positive energy

@: very quick, extremely resistant to hostile enchantments, extremely stealthy
A: unfitting armour, see invisible, herbivore 3, speed 3, slow metabolism 2,
inability to train armour, magic vulnerability 1
a: Renounce Religion, Evoke Flight


You were on level 4 of the Lair of Beasts.
You worshipped Ru.
Ru was pleased with you.
You were very hungry.

You visited 2 branches of the dungeon, and saw 14 of its levels.

You collected 1098 gold pieces.
You spent 692 gold pieces at shops.

Inventory:

Hand Weapons
 a - a +1 dagger
 B - the +2 whip "Grim Tooth" {venom, rN++ Str+4 Dex+4}
   (You found it on level 5 of the Dungeon)

   It poisons the flesh of those it strikes.
   It affects your strength (+4).
   It affects your dexterity (+4).
   It greatly protects you from negative energy.
 M - a +1 short sword
 U - the +7 rapier of Certain Death (weapon) {pierce, +Fly rF+ Int+3}
   (You acquired it on level 10 of the Dungeon)

   It inflicts extra damage upon your enemies.
   It affects your intelligence (+3).
   It protects you from fire.
   It lets you fly.
 Z - a +4 short sword
Missiles
 o - 442 stones (quivered)
Armour
 b - a +1 robe
 n - a +0 cloak
 z - a +0 cloak (worn)
 I - the +1 cloak "Iqufriz" {-Cast MR+ Dex+7}
   (You found it on level 7 of the Dungeon)

   It affects your dexterity (+7).
   It affects your resistance to hostile enchantments.
   It prevents spellcasting.
 W - a +2 robe of magic resistance (worn)
Magical Staves
 F - an uncursed staff of air
 H - an uncursed staff of conjuration
Jewellery
 q - a ring of positive energy (left hand)
 x - a ring of protection from magic (right hand)
 C - a cursed -2 ring of evasion {unknown}
 S - an uncursed ring of ice {unknown}
Wands
 D - a wand of polymorph (15)
 E - a wand of digging (19)
 L - a wand of slowing (36)
 O - a wand of paralysis (11)
Scrolls
 f - 5 scrolls of magic mapping {unknown}
 j - 8 scrolls of teleportation {unknown}
 k - 3 scrolls of random uselessness {unknown}
 l - 14 scrolls of identify {unknown}
 r - 2 scrolls of remove curse {unknown}
 t - 2 scrolls of noise {unknown}
 u - 3 scrolls of fog {unknown}
 y - 2 scrolls of amnesia {unknown}
 A - a scroll of enchant armour {unknown}
 J - a scroll of brand weapon {unknown}
 N - a scroll of summoning {unknown}
 P - a scroll of vulnerability {unknown}
 R - a scroll of blinking {unknown}
 T - a scroll of silence {unknown}
Potions
 e - 2 potions of might {unknown}
 g - a potion of mutation {unknown}
 h - 4 potions of brilliance {unknown}
 i - 6 potions of curing
 m - 5 potions of flight {unknown}
 p - 2 potions of cancellation {unknown}
 s - 3 potions of heal wounds {unknown}
 v - a potion of haste {unknown}
 G - 2 potions of magic {unknown}
 K - a potion of resistance {unknown}
 Q - 2 potions of agility {unknown}
 V - 2 potions of lignification {unknown}
 X - a potion of berserk rage {unknown}
 Y - a potion of invisibility {unknown}
Books
 c - a book of Maledictions

   Spells                             Type                      Level
   a - Corona                         Hexes                        1
   b - Ensorcelled Hibernation        Hexes/Ice                    2
   c - Confuse                        Hexes                        3
   d - Tukima's Dance                 Hexes                        3
   e - Dazzling Spray                 Conjuration/Hexes            3
Comestibles
 d - 5 bread rations
 w - 29 fruits


   Skills:
 - Level 6.0 Fighting
 + Level 9.1 Short Blades
 + Level 14.4 Dodging
 - Level 15.1 Stealth
 - Level 6.0 Spellcasting
 - Level 11.0 Hexes


You had 14 spell levels left.
You knew the following spells:

 Your Spells              Type           Power        Failure   Level  Hunger
a - Corona                Hex            ######.      1%          1    None
b - Ensorcelled Hibernat  Hex/Ice        ####..       1%          2    None
c - Confuse               Hex            ######..     1%          3    #......
d - Tukima's Dance        Hex            ######..     1%          3    #......


Dungeon Overview and Level Annotations

Branches:
Dungeon (10/15)            Temple (0/1) D:4            Lair (4/8) D:10
  Swamp (0/4) Lair:4          Orc (0/4) D:10
  Snake: Lair:3-6    Spider: Lair:3-6

Altars:
Dithmenos
Fedhas
Okawaru
Qazlal
Ru
Sif Muna
Xom
Zin

Shops:
D:4 (   D:10 ?![%}

Annotations:
D:7 exclusion: electric eel


Innate Abilities, Weirdness & Mutations

You are tiny and cannot use many weapons and most armour.
You have supernaturally acute eyesight.
You are a herbivore.
You cover ground extremely quickly.
You need consume almost no food.
You cannot train Armour skill.
You are slightly vulnerable to magic.


Message History

The crocodile is moderately wounded.
The sentinel's mark upon you fades away.
The giant frog completely misses you. x2
The crocodile closely misses you. The wolf closely misses you.
The giant frog hits you.
* * * LOW HITPOINT WARNING * * *
The crocodile is stunned by your will and fails to attack.
The crocodile bites you!
* * * LOW HITPOINT WARNING * * *
The wolf bites the fungus but does no damage.
The porcupine bites you.
* * * LOW HITPOINT WARNING * * *
The wolf closely misses you.
The wolf bites the fungus.
The wolf completely misses you.
A crocodile comes into view.
The giant frog hits the fungus!
The giant frog hits the fungus!
The crocodile completely misses you. The wolf bites you!
You die...

### ### ##.### ### #.###...P##
##### ###.#####.F....t..r .#..###
#####...##.##...t......
....#....#.#......#.#t##.H......
##...................F†Fh†.......
.....##.#..##...@h.h.h.#........♣
#....P.... #....P#....#....†..♣♣
..........###...#####..#.......♣§
.......# #.#......#.###....#...♣♣
.......###....PP...## ###.##...♣≈
.†.....#P#....#....# #.#.##..♣♣
..............#....# #♣ #.....♣
.................^.# #......
...............♣♣♣♣♣ ♣♣.....


You could see a crocodile, 3 wolves and 2 giant frogs.

Vanquished Creatures
  A hydra (Lair:3)
  2 black mambas
  4 spiny frogs
  A fire drake (Lair:2)
  3 komodo dragons
  Prince Ribbit (D:8)
  2 polar bears
  15 blink frogs
  11 wolves
  23 yaks
  A basilisk (Lair:1)
  2 wyverns
  Menkaure (D:6)
  3 hippogriffs
  5 water moccasins
  An orc warrior (D:10)
  5 porcupines
  A necrophage (D:10)
  2 black bears
  2 ogres
  A sky beast (D:9)
  9 ice beasts
  3 centaurs
  2 phantoms (D:7)
  9 crocodiles
  Blork the orc (D:6)
  3 big kobolds
  9 giant frogs
  3 scorpions
  2 wyvern skeletons
  5 wights (D:8)
  6 electric eels
  2 jellies
  4 crimson imps
  A quasit (D:9)
  2 orc priests (D:10)
  A centaur skeleton (D:6)
  3 giant frog skeletons
  A gnoll shaman (D:8)
  A centaur zombie (D:9)
  5 iguanas
  8 hounds
  3 orc wizards (D:10)
  7 worker ants
  8 sheep (Lair:3)
  5 adders
  7 gnolls
  21 river rats
  2 shadow imps
  An ooze (D:7)
  2 adder skeletons
  A worm (D:2)
  An adder zombie (D:9)
  5 giant geckos
  14 orcs
  3 giant cockroaches
  8 hobgoblins
  42 kobolds
  6 quokkas
  3 ball pythons
  7 bats
  4 giant newts
  4 goblins
  9 jackals
  A quokka skeleton (D:8)
  11 rats
342 creatures vanquished.

Vanquished Creatures (collateral kills)
  4 orc warriors
  A wight (D:8)
  2 orc wizards (D:10)
  An orc priest (D:10)
  3 gnolls (D:4)
  16 orcs
  4 kobolds
31 creatures vanquished.

Vanquished Creatures (others)
  A river rat (Lair:2)
  4 fungi
  2 plants (Lair:1)
7 creatures vanquished.

Grand Total: 380 creatures vanquished

Notes
Turn   | Place    | Note
--------------------------------------------------------------
     0 | D:1      | septik the Spriggan Enchanter began the quest for the Orb.
     0 | D:1      | Reached XP level 1. HP: 9/9 MP: 5/5
   308 | D:1      | Reached XP level 2. HP: 10/13 MP: 6/6
   455 | D:1      | Reached skill level 5 in Stealth
   697 | D:2      | Learned a level 2 spell: Ensorcelled Hibernation
   699 | D:2      | Reached XP level 3. HP: 11/16 MP: 5/8
   803 | D:2      | Reached skill level 6 in Stealth
  1050 | D:2      | Reached XP level 4. HP: 15/21 MP: 9/9
  1775 | D:2      | Reached skill level 7 in Stealth
  2203 | D:3      | Reached XP level 5. HP: 24/24 MP: 10/10
  2235 | D:3      | Learned a level 3 spell: Confuse
  2258 | D:3      | Learned a level 3 spell: Tukima's Dance
  2530 | D:4      | Found a sacrificial altar of Ru.
  2583 | D:4      | Became a worshipper of Ru the Awakened
  2635 | D:4      | Found Ugicvih's Weapon Emporium.
  2664 | D:4      | Found a shimmering altar of Xom.
  2672 | D:4      | Noticed an angel
  2676 | D:4      | Found a glowing silver altar of Zin.
  2782 | D:4      | Reached skill level 8 in Stealth
  2926 | D:4      | Reached XP level 6. HP: 16/28 MP: 2/11
  4426 | D:4      | Reached skill level 5 in Hexes
  4693 | D:4      | Found a staircase to the Ecumenical Temple.
  5144 | D:5      | Entered Level 5 of the Dungeon
  5310 | D:5      | Reached skill level 5 in Short Blades
  5750 | D:5      | Got a shimmering whip
  5751 | D:5      | Identified the +2 whip "Grim Tooth" {venom, rN++ Str+4 Dex+4} (You found it on level 5 of the Dungeon)
  5755 | D:5      | Reached XP level 7. HP: 32/32 MP: 12/12
  5768 | D:5      | Gained mutation: You cannot train Armour skill. [Ru sacrifice]
  5768 | D:5      | Reached * piety under Ru
  6117 | D:6      | Noticed Blork the orc
  6123 | D:6      | Killed Blork the orc
  6216 | D:6      | Noticed Menkaure
  6232 | D:6      | Killed Menkaure
  6570 | D:6      | Reached XP level 8. HP: 12/36 MP: 8/13
  7029 | D:6      | Found a sacrificial altar of Ru.
  7212 | D:6      | Reached skill level 1 in Fighting
  7506 | D:7      | Got a crude cloak
  7517 | D:7      | Identified the +1 cloak "Iqufriz" {-Cast MR+ Dex+7} (You found it on level 7 of the Dungeon)
  7573 | D:7      | Found a deep blue altar of Sif Muna.
  7621 | D:7      | Found an iron altar of Okawaru.
  7696 | D:7      | Found a shadowy altar of Dithmenos.
  7892 | D:7      | Reached skill level 5 in Dodging
  8243 | D:7      | Found a stormy altar of Qazlal.
  8709 | D:8      | Reached XP level 9. HP: 45/45 MP: 16/16
  8960 | D:8      | Noticed Prince Ribbit
  8968 | D:8      | Killed Prince Ribbit
  9581 | D:8      | Found a blossoming altar of Fedhas.
 10000 | D:9      | Reached skill level 9 in Stealth
 10376 | D:10     | Entered Level 10 of the Dungeon
 10436 | D:10     | Reached skill level 10 in Stealth
 10448 | D:10     | Noticed a komodo dragon
 10470 | D:10     | Killed a komodo dragon
 10491 | D:10     | Found Joxetott's Magic Scroll Emporium.
 10621 | D:10     | Reached XP level 10. HP: 47/49 MP: 14/17
 10650 | D:10     | Reached skill level 11 in Stealth
 10651 | D:10     | Found a staircase to the Lair.
 10653 | D:10     | Bought a scroll of acquirement for 676 gold pieces
 10654 | D:10     | Got a shimmering rapier
 10656 | D:10     | Identified the +7 rapier of Certain Death {pierce, +Fly rF+ Int+3} (You acquired it on level 10 of the Dungeon)
 10829 | D:10     | Reached skill level 12 in Stealth
 10983 | D:10     | Found Qyonki Tung's Gadget Boutique.
 11010 | D:10     | Found Zeisoom Jod's Antique Armour Boutique.
 11032 | D:10     | Bought a runed robe for 16 gold pieces
 11078 | D:10     | Found Ohej's Distillery.
 11111 | D:10     | Found Tuoq's Food Boutique.
 11187 | D:10     | Gained mutation: You are slightly vulnerable to magic. [Ru sacrifice]
 11187 | D:10     | Reached ** piety under Ru
 11501 | D:10     | Found a staircase to the Orcish Mines.
 11644 | D:10     | Reached skill level 5 in Spellcasting
 11668 | D:10     | Reached skill level 5 in Fighting
 11724 | Lair:1   | Entered Level 1 of the Lair of Beasts
 11727 | Lair:1   | Noticed a black mamba
 11799 | D:10     | Killed a black mamba
 12048 | Lair:1   | Reached skill level 13 in Stealth
 12172 | Lair:1   | Reached XP level 11. HP: 51/56 MP: 8/21
 12178 | Lair:1   | Reached skill level 10 in Dodging
 12404 | Lair:1   | Reached skill level 14 in Stealth
 13229 | Lair:1   | Reached skill level 15 in Stealth
 13811 | Lair:2   | Reached skill level 10 in Hexes
 14234 | Lair:2   | Reached XP level 12. HP: 42/61 MP: 11/22
 14676 | Lair:3   | Noticed a six-headed hydra
 14683 | Lair:3   | Killed a six-headed hydra
 15749 | Lair:4   | Found a staircase to the Swamp.
 15786 | Lair:4   | Noticed a six-headed hydra
 15816 | Lair:4   | Slain by a wolf

Action                   |  1- 3 |  4- 6 |  7- 9 | 10-12 || total
-------------------------+-------+-------+-------+-------++-------
Melee: Dagger            |    70 |   459 |   166 |     1 ||   696
       Whip              |       |     1 |   137 |       ||   138
       Short sword       |       |       |    35 |       ||    35
       Rapier            |       |       |       |   374 ||   374
Throw: Stone             |       |       |       |     5 ||     5
 Cast: Ensorcelled Hiber |     7 |    70 |    51 |   136 ||   264
       Tukima's Dance    |       |    13 |     5 |    14 ||    32
       Confuse           |       |     2 |    18 |     8 ||    28
Invok: Sacrifice Durabil |       |       |     1 |       ||     1
       Reject Sacrifices |       |       |     1 |     1 ||     2
       Sacrifice Essence |       |       |       |     1 ||     1
  Use: Potion            |       |     1 |       |       ||     1
       Scroll            |       |       |       |     1 ||     1
 Stab: Sleeping          |    12 |    41 |    54 |    94 ||   201
       Distracted        |       |       |     6 |     3 ||     9
       Confused          |       |       |     9 |     4 ||    13
  Eat: Bread ration      |       |     2 |     1 |       ||     3
       Pizza             |       |       |     1 |     1 ||     2
